 Dungeon Crawl Stone Soup version 0.29.1 (webtiles) character file.

Game seed: 15278763397059832968

40 Icepheonix32 the Insei (level 3, 0/26 HPs)
             Began as a Merfolk Transmuter on Sept 14, 2022.
             Slain by a hobgoblin (3 damage)
             ... on level 2 of the Dungeon.
             The game lasted 00:02:25 (1767 turns).

Icepheonix32 the Insei (Merfolk Transmuter)         Turns: 1767, Time: 00:02:26

Health: 0/26       AC:  2    Str: 10    XL:     3   Next: 50%
Magic:  4/6        EV: 13    Int: 14    God:
Gold:   59         SH:  0    Dex: 14    Spells: 0/6 levels left

rFire   . . .      SeeInvis .     - Unarmed
rCold   . . .      Faith    .   (no shield)
rNeg    . . .      Spirit   .   a - +0 robe
rPois   .          Reflect  .   (helmet currently unavailable)
rElec   .          Harm     .   (no cloak)
rCorr   .          Rampage  .   (no gloves)
Will    .....                   (boots currently unavailable)
Stlth   +.........              (no amulet)
HPRegen 0.08/turn               (no ring)
MPRegen 0.10/turn               (no ring)

@: appendages, very slightly contaminated
A: horns 2, (nimble swimmer 2), mertail
a: End Transformation


You were on level 2 of the Dungeon.
You had temporarily grown beastly horns.
You visited 1 branch of the dungeon, and saw 3 of its levels.

You collected 59 gold pieces.

Inventory:

Armour
 a - a +0 robe (worn)
Scrolls
 c - 2 scrolls of identify {unknown}
 d - a scroll of enchant weapon {unknown}
 f - a scroll of silence {unknown}
 g - a scroll of fear {unknown}
 i - a scroll of poison {unknown}
Potions
 b - a potion of lignification
 e - 2 potions of might {unknown}
 h - a potion of mutation {unknown}


   Skills:
 + Level 1.2 Fighting
 + Level 3.3 Dodging
 + Level 3.7 Unarmed Combat
 + Level 2.2 Spellcasting
 * Level 3.7 Transmutations


You couldn't memorise any spells.
You knew the following spells:

 Your Spells              Type           Power      Damage    Failure   Level
a - Beastly Appendage     Tmut           24%        N/A       4%          1
b - Spider Form           Tmut/Pois      6%         N/A       32%         3
c - Wereblood             Tmut           12%        N/A       8%          2

Your spell library contained the following spells:

 Spells                   Type           Power      Damage    Failure   Level
 Ice Form                 Ice/Tmut       6%         N/A       71%         4


Dungeon Overview and Level Annotations

Branches:
Dungeon (3/15)

Altars:

Annotations:
D:2 Sigmund


Innate Abilities, Weirdness & Mutations

You have temporarily grown beastly horns.
((You are very nimble when in or above water. (Stealth+, EV+, Speed+++)))
Your lower body shifts to a powerful aquatic tail in water.


Message History

There is a stone staircase leading down here.
You are too injured to fight recklessly!
Unknown command.
Unknown command.
You are too injured to fight recklessly!
Unknown command.
You are too injured to fight recklessly!
Unknown command.
You are too injured to fight recklessly!
Unknown command.
You are too injured to fight recklessly!
Unknown command.
You are too injured to fight recklessly!
Unknown command.
You are too injured to fight recklessly!
Casting: Beastly Appendage (safe; 4% risk of failure)
Confirm with . or Enter, or press ? or * to list all spells.
You miscast Beastly Appendage.
You are very lightly contaminated with residual magic.
Nothing appears to happen.
The rat closely misses you.
You barely miss the rat.
Your horns disappear.
The hobgoblin hits you.
* * * LOW HITPOINT WARNING * * *
The rat closely misses you.
Unknown command.
You closely miss the rat. The hobgoblin hits you.
* * * LOW HITPOINT WARNING * * *
The rat barely misses you.
You barely miss the rat. The hobgoblin closely misses you.
The rat closely misses you.
Casting: Beastly Appendage (safe; 4% risk of failure)
Confirm with . or Enter, or press ? or * to list all spells.
You grow a pair of large bovine horns.
The hobgoblin closely misses you. The rat bites you.
* * * LOW HITPOINT WARNING * * *
Unknown command.
You closely miss the rat. You headbutt the rat, but do no damage.
The hobgoblin hits you.
You die...

.. ...
#>..
.....
##...
######...
#..<..g##
#...r@..#
####
#......##
#...
#......#
##..#
##)..##.
#....##
#... .#
#...#
#... ##
#.># ....
##.###
.....
#.... ..
. #..##


You could see a hobgoblin and a rat.

Vanquished Creatures
  A worm (D:3)
  4 endoplasms
  3 giant cockroaches (D:1)
  2 goblins (D:1)
  6 hobgoblins
  2 jackals (D:1)
  2 quokkas (D:1)
  2 ball pythons (D:1)
  4 bats
  3 frilled lizards (D:1)
  3 kobolds
  2 rats
34 creatures vanquished.

Notes
Turn   | Place    | Note
-------+----------+-------------------------------------------
     0 | D:1      | Icepheonix32 the Merfolk Transmuter began the quest for the
                  | Orb.
     0 | D:1      | Reached XP level 1. HP: 15/15 MP: 3/3
   180 | D:1      | Found a faded altar of an unknown god.
   352 | D:1      | Reached XP level 2. HP: 11/21 MP: 1/5
   938 | D:1      | Reached XP level 3. HP: 18/26 MP: 4/6
  1288 | D:2      | Noticed Sigmund
  1609 | D:3      | Learned a level 3 spell: Spider Form
  1612 | D:3      | Learned a level 2 spell: Wereblood
  1767 | D:2      | Slain by a hobgoblin

Illustrated notes

Levels and vault maps discovered:
D:1:      amcnicky_arrival_underground_garden, layout_basic,
          shapermc_ecumenical_altar_ellora
D:2:      layout_rooms, serial_corexii_hall, chequers_hall_statues_corner_a,
          corexii_hall_statues_x, uniq_sigmund
D:3:      layout_rooms, nicolae_tso_besieged_by_evil, dk_noncrumbling_2

Skill      XL: |  1  2 |
---------------+-------+-----
Transmutations | 3 |  3.7
Dodging        | 3 |  3.3
Fighting       | |  1.2
Unarmed Combat | |  3.7
Spellcasting   | |  2.2

Action                   || total
-------------------------++-------
Melee: Unarmed           ||   124
       Headbutt          ||    15
       Punch             ||     1
 Cast: Beastly Appendage ||    26
Armor: Robe              ||    16
Dodge: Dodged            ||   101
